 Dungeon Sprint DCSS version 0.21-a0-51-gea492e9 (webtiles) character file.

2648 Kidiri the Grappler (level 9, -5/97 (98) HPs)
             Began as a Troll Monk on June 11, 2017.
             Was a Priest of Wu Jian.
             Engulfed by a death drake's foul pestilence (6 damage)
             ... in the Dungeon (Sprint II: "The Violet Keep of Menkaure").
             The game lasted 00:10:36 (581 turns).

Kidiri the Grappler (Troll Monk)                     Turns: 581, Time: 00:10:37

HP:   -5/97 (98)    AC:  5    Str: 21    XL:     9   Next: 36%
MP:   8/8           EV: 15    Int:  6    God:    Wu Jian [***...]
Gold: 764           SH:  3    Dex: 15    Spells: 8/8 levels left

rFire    . . .     SeeInvis .     - Unarmed
rCold    . . .     Gourm    +   (no shield)
rNeg     . . .     Faith    .   a - +0 robe
rPois    .         Spirit   .   (helmet restricted)
rElec    .         Reflect  +   (no cloak)
rCorr    .         Harm     .   (gloves unavailable)
MR       .....     NoTele   +   (boots unavailable)
Stlth    +++.......             i - +3 amulet of reflection
Regen    0.7/turn               (no ring)
MPRegen  0.2/turn               (no ring)

@: lethally poisoned (-5 -> -58), slowed, very slow
A: unfitting armour, claws 3, fast metabolism 3, gourmand, regeneration 1,
shaggy fur 1, tough skin 2
a: Renounce Religion


You were in the Dungeon.
You worshipped Wu Jian.
Wu Jian was most pleased with you.
You were full.

You visited 1 branch You collected 1053 gold pieces.
You spent 289 gold pieces at shops.

Inventory:

Armour
 a - a +0 robe (worn)
 g - a +0 large shield
Jewellery
 i - a +3 amulet of reflection (around neck)
Scrolls
 c - a scroll of remove curse {unknown}
 h - a scroll of blinking
Potions
 e - a potion of haste
 f - 2 potions of magic
Comestibles
 b - 2 bread rations


   Skills:
 * Level 9.1 Fighting
 + Level 6.0 Armour
 * Level 9.1 Dodging
 * Level 6.6 Stealth
 * Level 10.8 Unarmed Combat


You had 8 spell levels left.
You didn't know any spells.

Dungeon Overview and Level Annotations

Branches:
Dungeon (1/1)

Altars:
Cheibriados
Dithmenos
Elyvilon
Fedhas
Gozag
Hepliaklqana
Kikubaaqudgha
Makhleb
Nemelex Xobeh
Okawaru
Qazlal
Ru
Sif Muna
Trog
Uskayaw
Vehumet
Wu Jian
Xom
Yredelemnul
Zin
The Shining One
Beogh
Jiyva
Lugonu

Shops:
D (::[!==(=!?![%}:

Annotations:
D exclusions: 12 doors, obsidian statue and oklob plant, Roxanne


Innate Abilities, Weirdness & Mutations

You are too large for most types of armour.
You have claws for hands.
Your metabolism is lightning-fast.
You like to eat raw meat.
Your natural rate of healing is unusually fast.
You are covered in fur. (AC +1)
You have very tough skin. (AC +2)


Message History

You miss the death drake.
The death drake is almost dead.
You feel sick. The death drake bites you!
* * * LOW HITPOINT WARNING * * *
Unknown command.
You bump into the stone wall.
You feel less confused.
You feel sick. The death drake breathes miasma at you.
The foul vapour engulfs you!
You are lethally poisoned!
* * * LOW HITPOINT WARNING * * *
You block the death drake's attack.
Unknown command.
You completely miss the death drake. You claw the death drake.
The death drake is almost dead.
You are engulfed in dark miasma.
You are more poisoned.
You feel your flesh rotting away!
You feel yourself slow down.
You die... ≈§≈≈§ §≈≈ #+++## .. ## .....# .. k# +##..# #. .# ####.#### +.##. #..# ...# ...#### ! ..####..## #.k##§# $![)?

+###.##..# +.k#@k#▓($?$$
.##...#.§# #k.#§§#▓$)$!?
<.%.##+..####..##§#▓=$?!)
.##...#....###.§.##▓▓▓▓▓▓
+###.##......≈≈§≈≈≈≈≈≈≈≈≈
#.####≈≈§....≈#+########+###
#..#≈≈§≈≈§≈..≈#_._.....#§≈§##
..##≈§≈§§≈≈≈.≈#._._....#≈§≈≈#
+##≈≈≈§§§≈§§≈≈#_._._...#≈≈§≈≈#


You could see a death drake.

Vanquished Creatures
  A death drake (D)
  A yaktaur (D)
  A hornet (D)
  3 polar bears (D)
  4 neqoxecs (D)
  A swamp drake (D)
  4 necrophages (D)
  A crocodile (D)
  A hell rat (D)
  4 worker ants (D)
  3 worms (D)
24 creatures vanquished.

Vanquished Creatures (others)
  Menkaure (D)
  A swamp drake (D)
  A crocodile (D)
3 creatures vanquished.

Grand Total: 27 creatures vanquished

Notes
Turn   | Place    | Note
-------+----------+-------------------------------------------
     0 | D        | Kidiri the Troll Monk began the quest for the Orb.
     0 | D        | Reached XP level 1. HP: 22/22 MP: 0/0
    21 | D        | Reached XP level 2. HP: 21/31 MP: 1/1
    49 | D        | Reached skill level 1 in Armour
    49 | D        | Reached skill level 4 in Unarmed Combat
    49 | D        | Reached XP level 3. HP: 37/37 MP: 2/2
    62 | D        | Reached skill level 5 in Unarmed Combat
    62 | D        | Reached XP level 4. HP: 26/48 MP: 3/3
    68 | D        | HP: 2/48 [worker ant (3)]
   141 | D        | Noticed a neqoxec
   141 | D        | Noticed a neqoxec
   141 | D        | Noticed a neqoxec
   141 | D        | Noticed a neqoxec
   146 | D        | Killed a neqoxec
   146 | D        | Reached skill level 5 in Fighting
   146 | D        | Reached skill level 5 in Dodging
   146 | D        | Reached skill level 6 in Unarmed Combat
   146 | D        | Reached XP level 5. HP: 57/57 MP: 4/4
   146 | D        | Killed a crocodile
   150 | D        | Killed a neqoxec
   150 | D        | Reached skill level 7 in Unarmed Combat
   150 | D        | Reached XP level 6. HP: 67/67 MP: 5/5
   155 | D        | Killed a neqoxec
   157 | D        | Killed a neqoxec
   157 | D        | Reached skill level 8 in Unarmed Combat
   157 | D        | Reached XP level 7. HP: 66/76 MP: 6/6
   178 | D        | Killed Menkaure
   207 | D        | Reached skill level 5 in Stealth
   238 | D        | Noticed an obsidian statue
   241 | D        | Found Ejyowy's Gadget Boutique.
   246 | D        | Reached skill level 9 in Unarmed Combat
   246 | D        | Reached XP level 8. HP: 84/87 MP: 7/7
   263 | D        | Noticed Roxanne
   268 | D        | Found Kamonack's Book Shop.
   272 | D        | Found Kaorch's Food Boutique.
   273 | D        | Found Fijeehex's Distillery.
   273 | D        | Found Seomuth's Antique Armour Shop.
   274 | D        | Found Uliedig's Distillery.
   274 | D        | Found Betzot's Magic Scroll Boutique.
   278 | D        | Found Wipeq's Antique Weapon Shop.
   287 | D        | Found Marphips's Jewellery Shop.
   288 | D        | Found Vaevuk's Jewellery Shop.
   288 | D        | Found Litawn's Jewellery Boutique.
   292 | D        | Noticed a spiny frog
   293 | D        | Found Ublimaro's Distillery.
   293 | D        | Found Garipruku's Antique Armour Boutique.
   293 | D        | Noticed a spiny frog
   293 | D        | Noticed an oklob plant
   294 | D        | Found Bizumyhi's Book Shop.
   294 | D        | Found Eneamoha's Antique Weapon Boutique.
   294 | D        | Found Goesisox's Book Shoppe.
   296 | D        | Noticed a polar bear
   297 | D        | Noticed a polar bear
   310 | D        | Noticed a shining eye
   315 | D        | Noticed a shining eye
   322 | D        | Noticed a shining eye
   335 | D        | Bought a large shield for 117 gold pieces
   345 | D        | Bought a +3 amulet of reflection for 172 gold pieces
   377 | D        | Found an iron altar of Okawaru.
   377 | D        | Found a radiant altar of Vehumet.
   378 | D        | Found a sparkling altar of Nemelex Xobeh.
   378 | D        | Found a hide-covered altar of Uskayaw.
   378 | D        | Found a glowing silver altar of Zin.
   379 | D        | Found an opulent altar of Gozag.
   379 | D        | Found a burning altar of Makhleb.
   379 | D        | Found a bloodstained altar of Trog.
   380 | D        | Found a blossoming altar of Fedhas.
   380 | D        | Found a corrupted altar of Lugonu.
   380 | D        | Found a basalt altar of Yredelemnul.
   380 | D        | Found a deep blue altar of Sif Muna.
   381 | D        | Found a white marble altar of Elyvilon.
   381 | D        | Found an ancient bone altar of Kikubaaqudgha.
   382 | D        | Found a shadowy altar of Dithmenos.
   382 | D        | Found a viscous altar of Jiyva.
   383 | D        | Found a snail-covered altar of Cheibriados.
   384 | D        | Found a roughly hewn altar of Beogh.
   384 | D        | Noticed a polar bear
   386 | D        | Found a shimmering altar of Xom.
   386 | D        | Found a sacrificial altar of Ru.
   386 | D        | Found a hazy altar of Hepliaklqana.
   386 | D        | Noticed a hornet
   387 | D        | Found a glowing golden altar of the Shining One.
   387 | D        | Found an ornate altar of the Wu Jian Council.
   387 | D        | Found a stormy altar of Qazlal.
   387 | D        | Noticed a yaktaur
   388 | D        | Noticed a polar bear
   396 | D        | Became a worshipper of the Wu Jian Council
   396 | D        | Reached * piety under Wu Jian
   396 | D        | Reached ** piety under Wu Jian
   406 | D        | Killed a polar bear
   406 | D        | Reached skill level 5 in Armour
   406 | D        | Noticed a flying skull
   407 | D        | Noticed a flying skull
   419 | D        | Noticed a polar bear
   425 | D        | Killed a hornet
   427 | D        | Killed a yaktaur
   433 | D        | Killed a polar bear
   433 | D        | Reached *** piety under Wu Jian
   433 | D        | Reached skill level 10 in Unarmed Combat
   533 | D        | Killed a polar bear
   533 | D        | Reached XP level 9. HP: 72/97 MP: 8/8
   545 | D        | Noticed a death drake
   558 | D        | Noticed a crystal guardian
   559 | D        | Noticed a death drake
   564 | D        | Killed a death drake
   580 | D        | HP: 1/98 [death drake/foul vapour (12)]
   581 | D        | Engulfed by a death drake's foul pestilence

Vault maps used:
D:        the_violet_keep_of_menkaure

Skill      XL: |  1  2  3  4  5  6  7  8  9 |
---------------+----------------------------+-----
Fighting       | 3 4 5 6 7 8 9 |  9.1
Armour         | 1 3 4 5 6 |  6.0
Dodging        | 3 4 5 6 7 8 9 |  9.1
Stealth        | 2 3 4 5 6 |  6.6
Unarmed Combat | 4 5 6 7 8 9 10 | 10.8

Action                   |  1- 3 |  4- 6 |  7- 9 || total
-------------------------+-------+-------+-------++-------
Melee: Unarmed           |    33 |    24 |    74 ||   131
       Punch             |       |       |     4 ||     4
  Use: Potion            |       |     2 |     1 ||     3
 Stab: Sleeping          |       |       |     1 ||     1
  Eat: Chunk             |     1 |     6 |     1 ||     8
Armor: Robe              |       |     1 |     8 ||     9
Dodge: Dodged            |    16 |     6 |    58 ||    80
Block: Other             |       |       |    10 ||    10
